 Dungeon Crawl Stone Soup version 0.18.1-48-g4cf74bf (webtiles) character file.

2184 Skwishie the Gouger (level 9, 0/46 HPs)
             Began as a Felid Monk on Sept 8, 2016.
             Was a Believer of Ru.
             Slain by an orc warrior
             ... wielding a +0 flail
              (20 damage)
             ... on level 8 of the Dungeon on Sept 9, 2016.
             The game lasted 00:55:28 (12811 turns).

Skwishie the Gouger (Felid Monk)                   Turns: 12811, Time: 00:55:29

Health: 0/46       AC:  2    Str:  7    XL:     9   Next: 11%
Magic:  10/10      EV: 24    Int: 11    God:    Ru [**....]
Gold:   243        SH:  0    Dex: 22    Spells: 0 memorised, 8 levels left
                                        Lives:  0   Deaths: 2

rFire  + . .     SeeInvis +       - Unarmed
rCold  x . .     Gourm    .     (armour unavailable)
rNeg   . . .     Faith    .     (shield unavailable)
rPois  .         Spirit   .     (helmet unavailable)
rElec  .         Dismiss  .     (cloak unavailable)
rCorr  .         Reflect  .     (gloves unavailable)
SustAt +         Harm     .     (boots unavailable)
MR     +....                    (no amulet)
Stlth  +++.......               c - ring of fire
                                e - ring of sustain attributes

@: quick, somewhat resistant to hostile enchantments, fairly stealthy
A: no armour, no weapons or thrown items, claws 1, fangs 3, see invisible,
carnivore 3, speed 1, shaggy fur 2, slow metabolism 1, no fire magic, no
translocations magic, no transmutations magic, inexperienced 1, sharp paws
a: Renounce Religion


You were on level 8 of the Dungeon.
You worshipped Ru.
Ru was pleased with you.
You were completely stuffed.

You visited 2 branches of the dungeon, and saw 9 of its levels.

You collected 495 gold pieces.
You spent 252 gold pieces at shops.

Inventory:

Jewellery
 c - a ring of fire (right paw)
 e - a ring of sustain attributes (left paw)
Scrolls
 d - a scroll of fear
 g - 4 scrolls of remove curse
 p - a scroll of identify
 q - 2 scrolls of recharging
 t - a scroll of teleportation
Potions
 h - 2 potions of brilliance
 i - 2 potions of heal wounds
 k - a potion of might
 n - 4 potions of curing
 o - a potion of lignification
 s - a potion of degeneration {unknown}
Books
 m - a book of Death

   Spells                             Type                      Level
   a - Corpse Rot                     Necromancy                   2
   b - Sublimation of Blood           Necromancy                   2
   c - Agony                          Necromancy                   5
   d - Dispel Undead                  Necromancy                   5
   e - Excruciating Wounds            Charms/Necromancy            5
   f - Bolt of Draining               Conjuration/Necromancy       5
Comestibles
 a - 3 meat rations
 b - 10 chunks of flesh
 f - 5 beef jerkies
 l - 3 slices of pizza


   Skills:
 - Level 10.0 Fighting
 + Level 6.6 Dodging
 - Level 2.6 Stealth
 * Level 11.5 Unarmed Combat


You had 8 spell levels left.
You didn't know any spells.

Dungeon Overview and Level Annotations

Branches:
Dungeon (8/15)             Temple (1/1) D:6
   Lair: D:8-11

Altars:
Ashenzari
Cheibriados
Dithmenos
Elyvilon
Fedhas
Gozag
Makhleb
Nemelex Xobeh
Okawaru
Pakellas
Qazlal
Ru
Trog
Xom
Yredelemnul
Zin
The Shining One

Shops:
D:7 !


Innate Abilities, Weirdness & Mutations

You cannot wear armour.
You are incapable of wielding weapons or throwing items.
You have sharp claws.
You have razor-sharp teeth.
You have supernaturally acute eyesight.
You are carnivorous and can eat meat at any time.
You cover ground quickly.
You are covered in thick fur (AC +2).
You have a slow metabolism.
You cannot study or cast Fire magic.
You cannot study or cast Translocations magic.
You cannot study or cast Transmutations magic.
You are somewhat inexperienced (-2 XL).
Your sharp claws are effective at attacking unaware monsters.


Message History

Things that are here:
a flail; 3 tomahawks
There is an open door here.
An orc comes into view. It is wielding a hand axe.
You pounce on the helpless orc from a blind spot!
You mangle the orc!!
You kill the orc!
The orc warrior shouts!
The orc warrior completely misses you.
Things that are here:
a hand axe; a leather armour You scratch the orc warrior but do no damage.
The orc warrior hits you with a flail!
You barely miss the orc warrior. You claw the orc warrior!
You bite the orc warrior, but do no damage.
The orc warrior is moderately wounded.
You claw the orc warrior! Your claw misses the orc warrior.
The orc warrior is almost dead.
The iguana bites you! The orc warrior hits you with a flail!!
You die...

#####.......#....#...
#...####'####....#...
#.(.#....#.......#...
#...#....#.......#...
#...')...#.......####
#...##...##......#
#...##...#########
#...#######
#...@o....#
#....l....#
#.........#
###########


You could see an orc warrior and an iguana.

Vanquished Creatures
  The ghost of tyranidshit the Fighter, a novice DsAK of Lugonu (D:6)
  Pikel (D:6)
  The ghost of Neosonic97 the Skirmisher, a novice DrTm of Cheibriados (D:5)
  The ghost of Aquadorian the Cleaver, a novice HOFi (D:4)
  Prince Ribbit (D:7)
  A shadow (D:6)
  A spriggan (D:7)
  Sigmund (D:8)
  Menkaure (D:4)
  4 orc warriors
  An ice beast (D:7)
  3 phantoms
  3 slaves (D:6)
  A black bear (D:7)
  2 centaurs
  2 ogres (D:7)
  Blork the orc (D:6)
  A giant frog (D:7)
  A water moccasin zombie (D:8)
  2 crimson imps
  A quasit (D:6)
  Crazy Yiuf (D:5)
  3 hounds
  2 jellies (D:5)
  4 orc wizards
  3 orc priests
  3 iguanas
  4 worker ants
  A killer bee zombie (D:6)
  A hound zombie (D:7)
  A hound skeleton (D:4)
  2 worker ant zombies
  3 gnolls (D:5)
  9 adders
  A shadow imp (D:7)
  An adder zombie (D:7)
  2 worms
  2 dart slugs
  8 giant geckos
  43 orcs
  7 bats
  6 giant cockroaches
  8 hobgoblins
  7 jackals
  4 kobolds
  5 quokkas
  3 ball pythons
  2 giant gecko skeletons
  4 giant newts
  2 goblins
  A jackal zombie (D:5)
  A quokka skeleton (D:4)
  10 rats
185 creatures vanquished.

Notes
Turn   | Place    | Note
--------------------------------------------------------------
     0 | D:1      | Skwishie the Felid Monk began the quest for the Orb.
     0 | D:1      | Reached XP level 1. HP: 10/10 MP: 2/2
   663 | D:1      | Reached XP level 2. HP: 11/14 MP: 3/3
  1371 | D:2      | Found a blossoming altar of Fedhas.
  1423 | D:2      | Reached skill level 5 in Unarmed Combat
  1423 | D:2      | Reached XP level 3. HP: 11/17 MP: 4/4
  2580 | D:3      | Reached XP level 4. HP: 21/21 MP: 5/5
  2686 | D:3      | Reached skill level 6 in Unarmed Combat
  2790 | D:3      | Reached XP level 5. HP: 18/24 MP: 6/6
  3280 | D:3      | Found a basalt altar of Yredelemnul.
  3562 | D:3      | Killed from afar by an orc priest
  3563 | D:3      | Reached XP level 4. HP: -1/21 MP: 5/5
  3664 | D:3      | Reached skill level 7 in Unarmed Combat
  3977 | D:4      | Found a white marble altar of Elyvilon.
  3988 | D:4      | Found a burning altar of Makhleb.
  4024 | D:4      | Noticed Menkaure
  4085 | D:4      | Noticed Aquadorian's ghost (novice HOFi)
  4155 | D:4      | Reached XP level 5. HP: 22/24 MP: 6/6
  4175 | D:4      | Found a glowing golden altar of the Shining One.
  4192 | D:4      | Killed Menkaure
  4354 | D:4      | Found a shimmering altar of Xom.
  4567 | D:5      | Entered Level 5 of the Dungeon
  4595 | D:5      | Gained mutation: You are covered in thick fur (AC +2). [Felid growth]
  4595 | D:5      | Reached XP level 6. HP: 28/28 MP: 7/7
  4623 | D:5      | Reached skill level 8 in Unarmed Combat
  4810 | D:5      | Noticed Crazy Yiuf
  4829 | D:5      | Killed Crazy Yiuf
  5194 | D:5      | You fall through a shaft!
  5260 | D:6      | Found a staircase to the Ecumenical Temple.
  5280 | D:6      | Reached skill level 9 in Unarmed Combat
  5280 | D:6      | Reached XP level 7. HP: 29/31 MP: 8/8
  5285 | Temple   | Entered the Ecumenical Temple
  5326 | Temple   | Became a worshipper of Ru the Awakened
  5341 | Temple   | Gained mutation: You cannot study or cast Fire magic. [Ru sacrifice]
  5341 | Temple   | Gained mutation: You cannot study or cast Transmutations magic. [Ru sacrifice]
  5341 | Temple   | Gained mutation: You cannot study or cast Translocations magic. [Ru sacrifice]
  5341 | Temple   | Reached * piety under Ru
  5738 | D:6      | Noticed a shadow
  5759 | D:6      | Killed a shadow
  6209 | D:5      | Found a sparkling altar of Nemelex Xobeh.
  6210 | D:5      | Found an opulent altar of Gozag.
  6210 | D:5      | Noticed Neosonic97's ghost (novice DrTm)
  7218 | D:4      | HP: 1/31 [Aquadorian's ghost (16)]
  7568 | D:4      | Reached skill level 10 in Unarmed Combat
  7954 | D:6      | Reached XP level 8. HP: 17/34 MP: 9/9
  8237 | D:6      | Noticed Pikel
  8681 | D:6      | Noticed tyranidshit's ghost (novice DsAK)
  8712 | D:6      | Slain by tyranidshit's ghost
  8713 | D:6      | Reached XP level 7. HP: 0/33 MP: 8/8
  8724 | D:6      | Noticed Blork the orc
  8738 | D:6      | Killed Blork the orc
  8814 | D:6      | Reached skill level 5 in Fighting
  9199 | D:6      | Found a glowing silver altar of Zin.
  9199 | D:6      | Found a shattered altar of Ashenzari.
  9860 | D:6      | Killed Pikel
  9860 | D:6      | Reached XP level 8. HP: 35/40 MP: 9/9
  9979 | D:6      | Found a stormy altar of Qazlal.
 10175 | D:5      | Killed Neosonic97's ghost
 10256 | D:4      | Killed Aquadorian's ghost
 10256 | D:4      | Reached XP level 9. HP: 31/45 MP: 10/10
 10495 | D:7      | Found Entopry's Distillery.
 10500 | D:7      | Bought a potion of agility for 56 gold pieces
 10500 | D:7      | Bought a potion of curing for 42 gold pieces
 10500 | D:7      | Bought a potion of heal wounds for 70 gold pieces
 10500 | D:7      | Bought a potion of curing for 42 gold pieces
 10500 | D:7      | Bought a potion of curing for 42 gold pieces
 10975 | D:7      | Noticed Prince Ribbit
 11060 | D:7      | Reached skill level 10 in Fighting
 11158 | D:7      | Gained mutation: You are somewhat inexperienced (-2 XL). [Ru sacrifice]
 11158 | D:7      | Reached XP level 8. HP: 43/43 MP: 9/9
 11158 | D:7      | Reached XP level 7. HP: 39/39 MP: 8/8
 11158 | D:7      | Reached ** piety under Ru
 11206 | D:7      | Killed Prince Ribbit
 11522 | D:7      | Noticed a spriggan baker
 11528 | D:7      | Killed a spriggan baker
 11528 | D:7      | Reached skill level 5 in Dodging
 11724 | D:7      | Reached XP level 8. HP: 43/43 MP: 9/9
 11730 | D:7      | Reached skill level 11 in Unarmed Combat
 12027 | D:6      | Killed tyranidshit's ghost
 12511 | D:8      | Noticed Sigmund
 12528 | D:8      | Killed Sigmund
 12639 | D:8      | Reached XP level 9. HP: 37/46 MP: 10/10
 12811 | D:8      | Slain by an orc warrior

Skill      XL: |  1  2  3  4  5  6  7  8  9 |
---------------+----------------------------+-----
Unarmed Combat | 5 7 9 10 11 | 11.5
Fighting       | 7 9 10 | 10.0
Dodging        | 5 6 |  6.6
Stealth        | |  2.6

Action                   |  1- 3 |  4- 6 |  7- 9 || total
-------------------------+-------+-------+-------++-------
Melee: Unarmed           |   100 |   128 |   384 ||   612
       Bite              |     5 |    18 |    41 ||    64
       Punch             |     1 |     1 |    19 ||    21
Invok: Sacrifice Arcana  |       |       |     1 ||     1
       Sacrifice Experie |       |       |     1 ||     1
  Use: Scroll            |     8 |     6 |     4 ||    18
       Potion            |       |       |    13 ||    13
 Stab: Sleeping          |    14 |    16 |     7 ||    37
       Distracted        |       |     1 |     6 ||     7
       Invisible         |       |       |     2 ||     2
  Eat: Chunk             |     9 |    12 |    20 ||    41
Armor: Skin              |     2 |     1 |    22 ||    25
Dodge: Dodged            |    73 |    64 |   229 ||   366
